TOP OF THE 1ST |
Great Falls Voyagers batting - Pitching for Greeneville Astros : RHP Scott Spillman
|
Pitching: RHP Scott Spillman
|
|
Batting: RHB Andy Cotton
|
0-0: Ball 1-0: Fly out, F9 (Flyball, 9, EV 83.8 MPH)
|
Batting: RHB Mike Rosa
|
0-0: Ground out 6-3 (Groundball, P, EV 84.4 MPH)
|
Batting: SHB Alfie Bungledorf
|
0-0: Swinging Strike 0-1: Swinging Strike 0-2: Strikes out swinging
|
Top of the 1st over - 0 runs, 0 hits, 0 errors, 0 left on base; Great Falls 0 - Greeneville 0 |
BOTTOM OF THE 1ST |
Greeneville Astros batting - Pitching for Great Falls Voyagers : LHP Yusufu Mustafa
|
Pitching: LHP Yusufu Mustafa
|
|
Batting: RHB Mike Griffin
|
0-0: Foul Ball, location: 2F 0-1: SINGLE (Groundball, 56S, EV 70.0 MPH) (infield hit)
|
Batting: LHB Danny Wolver
|
0-0: Ball 1-0: SINGLE (Line Drive, 34D, EV 105.0 MPH) Mike Griffin to second
|
Batting: RHB Juan Mendoza
|
0-0: Hit by Pitch Mike Griffin to third Danny Wolver to second
|
Batting: RHB Andrew Pride
|
0-0: Fly out, F8 (Line Drive, 89M, EV 90.6 MPH) Runner from 3rd tags up, SCORES, no throw by CF
|
Batting: LHB Daigo Ishii
|
0-0: Fly out, F4 (Popup, 4S, EV 76.2 MPH)
|
Batting: SHB Chris Keziah
|
0-0: Swinging Strike 0-1: Foul Ball, location: 2F 0-2: Ball 1-2: Ball 2-2: Ground out 1-3 (Groundball, P, EV 64.4 MPH)
|
Bottom of the 1st over - 1 run, 2 hits, 0 errors, 2 left on base; Great Falls 0 - Greeneville 1 |
TOP OF THE 2ND |
Great Falls Voyagers batting - Pitching for Greeneville Astros : RHP Scott Spillman
|
Batting: LHB Jason Bell
|
0-0: Swinging Strike 0-1: Ball 1-1: Ball 2-1: Ball 3-1: Base on Balls
|
Batting: RHB Danny Longoria
|
0-0: Called Strike 0-1: Called Strike 0-2: Ball 1-2: Foul Ball, location: 2F 1-2: Ball 2-2: Foul Ball, location: 2F 2-2: Grounds into double play, 4-6-3 (Groundball, 4MS, EV 79.4 MPH)
|
Batting: LHB Evan Oliveri
|
0-0: Swinging Strike 0-1: Foul Ball, location: 2F 0-2: Ball 1-2: Strikes out looking
|
Top of the 2nd over - 0 runs, 0 hits, 0 errors, 0 left on base; Great Falls 0 - Greeneville 1 |
BOTTOM OF THE 2ND |
Greeneville Astros batting - Pitching for Great Falls Voyagers : LHP Yusufu Mustafa
|
Batting: LHB Bruce Arvizu
|
0-0: Called Strike 0-1: Ball 1-1: Called Strike 1-2: Foul Ball, location: 2F 1-2: Foul Ball, location: 2F 1-2: Strikes out swinging
|
Batting: RHB Jarno van Lente
|
0-0: Ball 1-0: Foul Ball, location: 2F 1-1: Ground out 5-3 (Groundball, 5, EV 105.0 MPH)
|
Batting: RHB Russ Greer
|
0-0: Called Strike 0-1: Swinging Strike 0-2: Strikes out looking
|
Bottom of the 2nd over - 0 runs, 0 hits, 0 errors, 0 left on base; Great Falls 0 - Greeneville 1 |
TOP OF THE 3RD |
Great Falls Voyagers batting - Pitching for Greeneville Astros : RHP Scott Spillman
|
Batting: RHB Adan Lake
|
0-0: Ball 1-0: Foul Ball, location: 2F 1-1: SINGLE (Groundball, 34D, EV 101.9 MPH)
|
Batting: RHB Billy Grubbs
|
0-0: Called Strike 0-1: Ball 1-1: Ball 2-1: Swinging Strike 2-2: Ball 3-2: Foul Ball, location: 2F 3-2: Foul Ball, location: 2F 3-2: Strikes out swinging
|
Batting: RHB Armando Vazquez
|
0-0: Ball 1-0: Ball 2-0: Called Strike 2-1: Foul Ball, location: 2F 2-2: Ball 3-2: Base on Balls Adan Lake to second
|
Batting: RHB Andy Cotton
|
0-0: Swinging Strike 0-1: Ball 1-1: Ball 2-1: Foul Ball, location: 2F 2-2: Strikes out looking
|
Batting: RHB Mike Rosa
|
0-0: Called Strike 0-1: Ball 1-1: Ball 2-1: Ball 3-1: Swinging Strike 3-2: Strikes out swinging
|
Top of the 3rd over - 0 runs, 1 hit, 0 errors, 2 left on base; Great Falls 0 - Greeneville 1 |
BOTTOM OF THE 3RD |
Greeneville Astros batting - Pitching for Great Falls Voyagers : LHP Yusufu Mustafa
|
Batting: RHB Mike Griffin
|
0-0: Called Strike 0-1: Ball 1-1: Ball 2-1: Foul Ball, location: 2F 2-2: Ball 3-2: Foul Ball, location: 2F 3-2: Foul Ball, location: 2F 3-2: Base on Balls
|
Batting: LHB Danny Wolver
|
0-0: Swinging Strike 0-1: Called Strike 0-2: Foul Ball, location: 2F 0-2: Ball 1-2: Foul Ball, location: 2F 1-2: Foul Ball, location: 2F 1-2: Ball 2-2: Fly out, F5 (Popup, 5SF, EV 80.0 MPH)
|
Batting: RHB Juan Mendoza
|
0-0: Ball Mike Griffin is caught stealing 2nd base 2-4 1-0: Called Strike 1-1: Ball 2-1: Swinging Strike 2-2: Fly out, F9 (Flyball, 89M, EV 80.6 MPH)
|
Bottom of the 3rd over - 0 runs, 0 hits, 0 errors, 0 left on base; Great Falls 0 - Greeneville 1 |
TOP OF THE 4TH |
Great Falls Voyagers batting - Pitching for Greeneville Astros : RHP Scott Spillman
|
Batting: SHB Alfie Bungledorf
|
0-0: Ball 1-0: Foul Ball, location: 2F 1-1: Ball 2-1: Foul Ball, location: 2F 2-2: Foul Ball, location: 2F 2-2: Ball 3-2: Foul Ball, location: 2F 3-2: Base on Balls
|
Batting: LHB Jason Bell
|
0-0: Ball Alfie Bungledorf steals 2nd base 1-0: 2-RUN HOME RUN (Flyball, 9LD, EV 93.8 MPH), Distance : 347 ft
|
Batting: RHB Danny Longoria
|
0-0: Ball 1-0: Swinging Strike 1-1: Ball 2-1: Foul Ball, location: 2F 2-2: Strikes out swinging
|
Batting: LHB Evan Oliveri
|
0-0: Ball 1-0: Foul Ball, location: 2F 1-1: Ball 2-1: Swinging Strike 2-2: Strikes out swinging
|
Batting: RHB Adan Lake
|
0-0: Called Strike 0-1: Ball 1-1: Ball 2-1: Foul Ball, location: 2F 2-2: Ball 3-2: Base on Balls
|
Batting: RHB Billy Grubbs
|
0-0: Called Strike 0-1: Foul Ball, location: 2F 0-2: Ball 1-2: Foul Ball, location: 2F 1-2: Foul Ball, location: 2F 1-2: Ball 2-2: Foul Ball, location: 2F 2-2: Foul Ball, location: 2F 2-2: Foul Ball, location: 2F 2-2: Ball Wild Pitch! Adan Lake to second 3-2: Foul Ball, location: 2F 3-2: Strikes out swinging
|
Top of the 4th over - 2 runs, 1 hit, 0 errors, 1 left on base; Great Falls 2 - Greeneville 1 |
BOTTOM OF THE 4TH |
Greeneville Astros batting - Pitching for Great Falls Voyagers : LHP Yusufu Mustafa
|
Batting: RHB Andrew Pride
|
0-0: Called Strike 0-1: Foul Ball, location: 2F 0-2: Strikes out swinging
|
Batting: LHB Daigo Ishii
|
0-0: Ball 1-0: Ball 2-0: Foul Ball, location: 2F 2-1: Foul Ball, location: 2F 2-2: Ball 3-2: Ground out 4-3 (Groundball, 4, EV 88.8 MPH)
|
Pitching: RHP Alec Guglielmo
|
|
Batting: SHB Chris Keziah
|
0-0: Ball 1-0: Foul Ball, location: 2F 1-1: Foul Ball, location: 2F 1-2: Fly out, F8 (Flyball, 8LXD, EV 95.6 MPH)
|
Bottom of the 4th over - 0 runs, 0 hits, 0 errors, 0 left on base; Great Falls 2 - Greeneville 1 |
TOP OF THE 5TH |
Great Falls Voyagers batting - Pitching for Greeneville Astros : RHP Scott Spillman
|
Pitching: RHP Josh Willig
|
|
Batting: RHB Armando Vazquez
|
0-0: Swinging Strike 0-1: Bunt missed! 0-2: Ball 1-2: Ball 2-2: Ball 3-2: Base on Balls
|
Batting: RHB Andy Cotton
|
0-0: Ball 1-0: Ball 2-0: Ball Wild Pitch! Armando Vazquez to second 3-0: Called Strike 3-1: Fly out, F8 (Flyball, 8LD, EV 93.1 MPH) Runner from 2nd tags up, OUT at 3rd! 8-5
|
Batting: RHB Mike Rosa
|
0-0: Swinging Strike 0-1: Called Strike 0-2: SOLO HOME RUN (Flyball, 7LD, EV 95.0 MPH), Distance : 367 ft
|
Batting: SHB Alfie Bungledorf
|
0-0: Called Strike 0-1: Ball 1-1: Ball 2-1: DOUBLE (Flyball, 89D, EV 95.6 MPH)
|
Pitching: LHP Mark Sanders
|
|
Batting: LHB Jason Bell
|
0-0: Called Strike 0-1: Ball 1-1: Ball Passed Ball! Alfie Bungledorf to third 2-1: Ball 3-1: Base on Balls
|
Batting: RHB Danny Longoria
|
0-0: Called Strike 0-1: DOUBLE (Flyball, 8LXD, EV 94.4 MPH) Alfie Bungledorf scores Jason Bell to third
|
Batting: LHB Evan Oliveri
|
0-0: SINGLE (Groundball, 4MD, EV 109.4 MPH) Jason Bell scores Danny Longoria to third Runner from 3rd tries for Home, SAFE, throw by CF to home Evan Oliveri to second
|
Batting: RHB Adan Lake
|
0-0: Ball 1-0: Ball 2-0: Ball 3-0: Base on Balls
|
Batting: RHB Billy Grubbs
|
0-0: Ball 1-0: Ball 2-0: Ball 3-0: Called Strike 3-1: Called Strike 3-2: Foul Ball, location: 2F 3-2: Base on Balls Evan Oliveri to third Adan Lake to second
|
Pitching: RHP Hector Carrillo
|
|
Batting: RHB Armando Vazquez
|
0-0: Ball 1-0: Fly out, F8 (Flyball, 8RD, EV 86.9 MPH)
|
Top of the 5th over - 4 runs, 4 hits, 0 errors, 3 left on base; Great Falls 6 - Greeneville 1 |
BOTTOM OF THE 5TH |
Greeneville Astros batting - Pitching for Great Falls Voyagers : RHP Alec Guglielmo
|
Batting: LHB Bruce Arvizu
|
0-0: Ball 1-0: Ball 2-0: Ball 3-0: Base on Balls
|
Batting: RHB Jarno van Lente
|
0-0: Called Strike Bruce Arvizu steals 2nd base 0-1: Ball 1-1: Ground out 4-3 (Groundball, 4, EV 83.8 MPH) Bruce Arvizu to third
|
Batting: RHB Russ Greer
|
0-0: Fly out, F9 (Flyball, 9LM, EV 82.5 MPH) Runner from 3rd tags up, OUT at HOME! 9-2
|
Bottom of the 5th over - 0 runs, 0 hits, 0 errors, 0 left on base; Great Falls 6 - Greeneville 1 |
TOP OF THE 6TH |
Great Falls Voyagers batting - Pitching for Greeneville Astros : RHP Hector Carrillo
|
Batting: RHB Andy Cotton
|
0-0: Ball 1-0: Ball 2-0: Called Strike 2-1: Ball 3-1: Base on Balls
|
Batting: RHB Mike Rosa
|
0-0: Ball Andy Cotton steals 2nd base 1-0: Ball 2-0: Ball Passed Ball! Andy Cotton to third 3-0: Called Strike 3-1: Base on Balls
|
Batting: SHB Alfie Bungledorf
|
0-0: Called Strike 0-1: SINGLE (Groundball, 4D, EV 93.8 MPH) Andy Cotton scores Mike Rosa to second Runner from 2nd tries for 3rd, SAFE, throw by CF made at trailing runner, OUT! 8-6
|
Batting: LHB Jason Bell
|
0-0: Ball 1-0: Ball 2-0: Ball 3-0: Base on Balls
|
Pitching: RHP James Browning
|
|
Batting: RHB Danny Longoria
|
0-0: Ball 1-0: Ball 2-0: 3-RUN HOME RUN (Flyball, 78XD, EV 98.8 MPH), Distance : 401 ft
|
Batting: LHB Evan Oliveri
|
0-0: Ball 1-0: Called Strike 1-1: Ball 2-1: Ball 3-1: Base on Balls
|
Batting: RHB Adan Lake
|
0-0: Foul Ball, location: 2F 0-1: Ball 1-1: 2-RUN HOME RUN (Flyball, 9LD, EV 90.6 MPH), Distance : 342 ft
|
Batting: RHB Billy Grubbs
|
0-0: Swinging Strike 0-1: Called Strike 0-2: Foul Ball, location: 2F 0-2: Foul Ball, location: 2F 0-2: Ball 1-2: SINGLE (Flyball, 5D, EV 95.0 MPH)
|
Batting: RHB Armando Vazquez
|
0-0: Ball 1-0: Called Strike 1-1: Swinging Strike 1-2: Grounds into double play, 4-6-3 (Groundball, 4, EV 100.6 MPH)
|
Top of the 6th over - 6 runs, 4 hits, 0 errors, 0 left on base; Great Falls 12 - Greeneville 1 |
BOTTOM OF THE 6TH |
Greeneville Astros batting - Pitching for Great Falls Voyagers : RHP Alec Guglielmo
|
Batting: RHB Mike Griffin
|
0-0: Swinging Strike 0-1: Called Strike 0-2: Ball 1-2: Ball 2-2: Strikes out looking
|
Batting: LHB Danny Wolver
|
0-0: Swinging Strike 0-1: TRIPLE (Flyball, 78XD, EV 90.0 MPH)
|
Batting: RHB Juan Mendoza
|
0-0: Ground out 5-3 (Groundball, 5L, EV 97.5 MPH)
|
Batting: RHB Andrew Pride
|
0-0: Ball 1-0: Ball 2-0: Called Strike 2-1: Ball 3-1: Swinging Strike 3-2: Foul Ball, location: 2F 3-2: Strikes out swinging
|
Bottom of the 6th over - 0 runs, 1 hit, 0 errors, 1 left on base; Great Falls 12 - Greeneville 1 |
TOP OF THE 7TH |
Great Falls Voyagers batting - Pitching for Greeneville Astros : RHP James Browning
|
Pitching: RHP Chris Simmons
|
|
Batting: RHB Andy Cotton
|
0-0: Called Strike 0-1: Swinging Strike 0-2: Foul Ball, location: 2F 0-2: Strikes out looking
|
Batting: RHB Mike Rosa
|
0-0: Called Strike 0-1: Fly out, F7 (Flyball, 7, EV 91.2 MPH)
|
Batting: SHB Alfie Bungledorf
|
0-0: Ball 1-0: Reached on error, E6 (Groundball, 6M, EV 80.6 MPH)
|
Batting: LHB Jason Bell
|
0-0: Fly out, F7 (Flyball, 7, EV 96.9 MPH)
|
Top of the 7th over - 0 runs, 0 hits, 1 error, 1 left on base; Great Falls 12 - Greeneville 1 |
BOTTOM OF THE 7TH |
Greeneville Astros batting - Pitching for Great Falls Voyagers : RHP Alec Guglielmo
|
Batting: LHB Daigo Ishii
|
0-0: Called Strike 0-1: Called Strike 0-2: Foul Ball, location: 2F 0-2: DOUBLE (Line Drive, 89M, EV 97.5 MPH)
|
Pitching: LHP Jose Andujar
|
|
Batting: SHB Chris Keziah
|
0-0: Ball 1-0: Ball 2-0: Ball 3-0: Called Strike 3-1: Base on Balls
|
Batting: LHB Bruce Arvizu
|
0-0: Swinging Strike 0-1: Swinging Strike 0-2: Strikes out swinging
|
Batting: RHB Jarno van Lente
|
0-0: Ball 1-0: Called Strike 1-1: Ball 2-1: Ball 3-1: Foul Ball, location: 2F 3-2: Foul Ball, location: 2F 3-2: Base on Balls Daigo Ishii to third Chris Keziah to second
|
Batting: RHB Russ Greer
|
0-0: Called Strike 0-1: Ball Wild Pitch! Daigo Ishii scores Chris Keziah to third Jarno van Lente to second 1-1: Foul Ball, location: 2F 1-2: Foul Ball, location: 2F 1-2: Foul Ball, location: 2F 1-2: Fly out, F8 (Line Drive, 8LM, EV 98.1 MPH) Runner from 3rd tags up, SCORES, no throw by CF
|
Batting: RHB Mike Griffin
|
0-0: Ball 1-0: Ground out 3-1 (Groundball, 34, EV 92.5 MPH)
|
Bottom of the 7th over - 2 runs, 1 hit, 0 errors, 1 left on base; Great Falls 12 - Greeneville 3 |
TOP OF THE 8TH |
Great Falls Voyagers batting - Pitching for Greeneville Astros : RHP Chris Simmons
|
Batting: RHB Danny Longoria
|
0-0: Foul Ball, location: 2F 0-1: Fly out, F7 (Flyball, 7, EV 85.6 MPH)
|
Batting: LHB Evan Oliveri
|
0-0: Ball 1-0: Fly out, F6 (Line Drive, 6, EV 75.0 MPH)
|
Batting: RHB Adan Lake
|
0-0: Ground out 6-3 (Groundball, 6, EV 84.4 MPH)
|
Top of the 8th over - 0 runs, 0 hits, 0 errors, 0 left on base; Great Falls 12 - Greeneville 3 |
BOTTOM OF THE 8TH |
Greeneville Astros batting - Pitching for Great Falls Voyagers : LHP Jose Andujar
|
Batting: LHB Danny Wolver
|
0-0: Ball 1-0: Called Strike 1-1: Ball 2-1: Fly out, F7 (Flyball, 7, EV 76.9 MPH)
|
Batting: RHB Juan Mendoza
|
0-0: Ball 1-0: Called Strike 1-1: Swinging Strike 1-2: Ball 2-2: Strikes out swinging
|
Batting: RHB Andrew Pride
|
0-0: Foul Ball, location: 2F 0-1: Called Strike 0-2: Ball 1-2: Strikes out swinging
|
Bottom of the 8th over - 0 runs, 0 hits, 0 errors, 0 left on base; Great Falls 12 - Greeneville 3 |
TOP OF THE 9TH |
Great Falls Voyagers batting - Pitching for Greeneville Astros : RHP Chris Simmons
|
Batting: RHB Billy Grubbs
|
0-0: Ball 1-0: Ball 2-0: Ball 3-0: Called Strike 3-1: DOUBLE (Flyball, 89D, EV 103.1 MPH)
|
Batting: RHB Armando Vazquez
|
0-0: Swinging Strike 0-1: SINGLE (Flyball, 5D, EV 86.9 MPH) Billy Grubbs to third
|
Batting: RHB Andy Cotton
|
0-0: Ball Passed Ball! Billy Grubbs scores Armando Vazquez to second 1-0: Ball Wild Pitch! Armando Vazquez to third 2-0: 2-RUN HOME RUN (Flyball, 7D, EV 100.0 MPH), Distance : 385 ft
|
Batting: RHB Mike Rosa
|
0-0: Fly out, F8 (Flyball, 8LD, EV 96.9 MPH)
|
Batting: SHB Alfie Bungledorf
|
0-0: Foul Ball, location: 2F 0-1: Swinging Strike 0-2: Foul Ball, location: 2F 0-2: Ground out 4-3 (Groundball, 4M, EV 108.8 MPH)
|
Batting: LHB Jason Bell
|
0-0: Foul Ball, location: 2F 0-1: Ball 1-1: Ball 2-1: DOUBLE (Groundball, 3L, EV 103.8 MPH)
|
Batting: RHB Danny Longoria
|
0-0: Ball 1-0: Foul Ball, location: 2F 1-1: 2-RUN HOME RUN (Flyball, 7D, EV 96.2 MPH), Distance : 372 ft
|
Batting: LHB Evan Oliveri
|
0-0: Called Strike 0-1: Called Strike 0-2: SINGLE (Line Drive, 4D, EV 105.6 MPH)
|
Batting: RHB Adan Lake
|
0-0: Ball 1-0: Ball 2-0: Ball 3-0: Called Strike 3-1: SINGLE (Groundball, 6D, EV 96.9 MPH) Evan Oliveri to second
|
Pitching: LHP T.J. Westover
|
|
Pinch Hitting: RHB Kasey Bland
|
0-0: Foul Ball, location: 2F 0-1: Ball 1-1: Swinging Strike 1-2: Strikes out swinging
|
Top of the 9th over - 5 runs, 7 hits, 0 errors, 2 left on base; Great Falls 17 - Greeneville 3 |
BOTTOM OF THE 9TH |
Greeneville Astros batting - Pitching for Great Falls Voyagers : LHP Jose Andujar
|
Pitching: LHP Evan Boyd
|
|
Now at 3B: Kasey Bland
|
|
Batting: LHB Daigo Ishii
|
0-0: Called Strike 0-1: Ball 1-1: Foul Ball, location: 2F 1-2: Ball 2-2: Ground out U3 (Groundball, 3L, EV 105.0 MPH)
|
Batting: SHB Chris Keziah
|
0-0: Called Strike 0-1: Ball 1-1: Foul Ball, location: 2F 1-2: Ball 2-2: Ball 3-2: Base on Balls
|
Batting: LHB Bruce Arvizu
|
0-0: Called Strike 0-1: Swinging Strike 0-2: Ball 1-2: Ball 2-2: Strikes out looking
|
Batting: RHB Jarno van Lente
|
0-0: Called Strike 0-1: Ball 1-1: Ball 2-1: Fly out, F4 (Popup, 34S, EV 77.5 MPH)
|
Bottom of the 9th over - 0 runs, 0 hits, 0 errors, 1 left on base; Great Falls 17 - Greeneville 3 |
|